 Dungeon Crawl Stone Soup version 0.26.0-16-gc1dbca0489 (webtiles) character file.

Game seed: 6216421935060713711

15915 lawnmower the Unseen (level 12, -4/54 HPs)
             Began as a Felid Air Elementalist on Jan 21, 2021.
             Was the Champion of Ashenzari.
             Slain by a redback (15 damage)
             ... on level 2 of the Spider Nest.
             The game lasted 03:18:36 (13820 turns).

lawnmower the Unseen (Felid Air Elementalist)      Turns: 13820, Time: 03:18:37

Health: -4/54      AC:  3    Str:  4    XL:     12   Next: 5%
Magic:  10/29      EV: 30    Int: 21    God:    Ashenzari [******]
Gold:   671        SH:  0    Dex: 17    Spells: 2/21 levels left
                                        Lives:  0   Deaths: 3

rFire    . . .     SeeInvis +     - Unarmed
rCold    + . .     Faith    .   (shield unavailable)
rNeg     . . .     Spirit   .   (armour unavailable)
rPois    .         Reflect  .   (helmet unavailable)
rElec    .         Harm     .   (cloak unavailable)
rCorr    .         Rampage  .   (gloves unavailable)
Will     +....     Clarity  +   (boots unavailable)
Stlth    +++++++...             r - amulet of the acrobat (curse)
HPRegen  0.18/turn              p - ring of magical power (curse)
MPRegen  0.21/turn              y - +4 ring of slaying (curse)

@: quick
A: very small, no armour, no weapons or thrown items, stealth, claws 1, fangs 3,
see invisible, speed 1, shaggy fur 3, sharp paws
a: Renounce Religion, Curse Item, Scrying, Transfer Knowledge


You were on level 2 of the Spider Nest.
You worshipped Ashenzari.
Ashenzari was exalted by your worship.
You visited 3 branches of the dungeon, and saw 22 of its levels.

You collected 869 gold pieces.
You spent 198 gold pieces at shops.

Inventory:

Jewellery
 p - a cursed ring of magical power (left paw)
 r - a cursed amulet of the acrobat (around neck)
 y - a cursed +4 ring of slaying (right paw)
Wands
 A - a wand of acid (2)
 D - a wand of digging (5)
 I - a wand of iceblast (12)
 P - a wand of paralysis (12)
Scrolls
 a - 5 scrolls of amnesia
 c - 3 scrolls of fear
 g - a scroll of vulnerability
 i - 7 scrolls of fog
 j - 2 scrolls of immolation
 k - a scroll of torment
 B - a scroll of blinking
 M - 6 scrolls of magic mapping
 R - 4 scrolls of identify
 T - 2 scrolls of teleportation
 W - 11 scrolls of remove curse
Potions
 d - a potion of lignification
 f - 2 potions of heal wounds
 h - 3 potions of attraction
 l - 3 potions of flight
 n - 3 potions of mutation {!q}
 o - 6 potions of brilliance
 q - a potion of resistance
 s - a potion of might
 t - a potion of magic
 u - a potion of ambrosia
 H - a potion of haste
 Q - 5 potions of curing
Miscellaneous
 e - a tin of tremorstones (2/2)


   Skills:
 - Level 7.0 Fighting
 + Level 14.1 Dodging
 + Level 15.3 Stealth
 - Level 3.0 Unarmed Combat
 - Level 5.0 Spellcasting
 - Level 5.9(10.4) Conjurations
 - Level 10.5(14.7) Hexes
 - Level 8.5(12.9) Air Magic
 - Level 5.5(10.0) Evocations


You had 2 spell levels left.
You knew the following spells:

 Your Spells              Type           Power        Failure   Level
a - Shock                 Conj/Air       100%         1%          1
b - Cause Fear            Hex            30%          1%          4
c - Airstrike             Air            28%          1%          4
m - Mephitic Cloud        Conj/Pois/Air  38%          1%          3
v - Poisonous Vapours     Pois/Air       66%          1%          2
w - Lightning Bolt        Conj/Air       26%          2%          5

Your spell library contained the following spells:

 Spells                   Type           Power        Failure   Level
 Corona                   Hex            67%          1%          1
 Slow                     Hex            61%          1%          2
 Swiftness                Air            56%          1%          2
 Animate Skeleton         Necr           16%          9%          1
 Pain                     Necr           32%          9%          1
 Inner Flame              Hex/Fire       37%          1%          3
 Static Discharge         Conj/Air       53%          1%          3
 Silence                  Hex/Air        29%          1%          5
 Conjure Flame            Conj/Fire      28%          3%          3
 Leda's Liquefaction      Hex/Erth       18%          4%          4
 Yara's Violent Unravell  Hex/Tmut       18%          13%         5
 Vampiric Draining        Necr           4%           24%         3
 Freezing Cloud           Conj/Ice/Air   19%          52%         6
 Animate Dead             Necr           4%           63%         4
 Discord                  Hex            30%          86%         8
 Agony                    Necr           8%           92%         5
 Portal Projectile        Hex/Tloc       Unusable     N/A         3

Dungeon Overview and Level Annotations

Branches:
Dungeon (12/15)            Temple (0/1) D:6            Lair (6/6) D:8
 Spider (4/4) Lair:3          Orc (0/2) D:9
  Swamp: Lair:2-4    Shoals: Lair:2-4     Slime: Lair:5-6

Altars:
Ashenzari
Cheibriados
Gozag
Hepliaklqana
Makhleb
Okawaru
Qazlal
Ru
Uskayaw
Xom
Yredelemnul
The Shining One

Shops:
D:4 (   D:7 (   D:9 [=*?

Annotations:
D:4 1 runed translucent door, akumoriri's ghost, amateur GnFE
D:5 exclusion: orc priest, Blork the orc
D:6 Dowan; Duvessa
D:9 2 transporters, 112233's ghost, journeyman OpVM; Pikel
D:10 2 transporters
D:11 2 runed translucent doors, exclusion: eye of draining, MrPhil's ghost, journeyman DDFi
D:12 exclusion: raiju
Lair:1 Fannar
Lair:2 Gastronok
Lair:3 exclusion: 2 basilisks
Lair:4 exclusion: 3 doors
Lair:5 exclusion: oklob plant, Snorg; Sonja
Spider:1 exclusion: emperor scorpion
Spider:2 exclusion: door


Innate Abilities, Weirdness & Mutations

You cannot wear armour.
You are incapable of wielding weapons or throwing items.
Your paws allow you to move quietly. (Stealth)
You have sharp claws.
You have razor-sharp teeth.
You have supernaturally acute eyesight. (SInv)
You cover ground quickly.
Your thick and shaggy fur keeps you warm. (AC +3, rC+)
Your sharp claws are effective at attacking unaware monsters.


Message History

The redback completely misses you.
Evoke which item? (* to show all) (? for menu, Esc to quit)
Aiming: Corrosive Bolt
Press: ? - help, Shift-Dir - straight line, f/p - redback
Aim: a redback (almost dead, covered in acid, 30% to evade)
The bolt of acid hits the redback!!
The redback is splashed with acid.
You kill the redback!
The bolt of acid hits the redback!!
The redback is splashed with acid.
The redback seems to be corroded for longer.
You kill the redback!
The redback misses you.
Evoke which item? (* to show all) (? for menu, Esc to quit)
Aiming: Corrosive Bolt
Press: ? - help, Shift-Dir - straight line, f - redback
Aim: a redback (30% to evade)
The bolt of acid misses the redback.
The bolt of acid hits the redback!!
The redback is splashed with acid!
The acid corrodes the redback!
You kill the redback!
The redback bites you!
You die...

..............#...........#
.≈...####.#.#...#........##
≈≈≈≈≈..≈#......#...#..#...#
#≈##≈#.≈#....#..#.........#
≈≈≈≈.#...^...s......s.#..#
#*#≈≈≈≈≈.#..#..####....##.#
≈ ≈≈≈≈#≈.......s###.s..# ##
s#^≈# #≈.#....†###..^..#
≈<#≈≈ ≈≈..#..#†s@#.s####
.≈.≈#≈≈≈.,#.#......>#
≈≈≈≈≈≈#≈ ..#....)#.##
≈##≈#≈≈≈..####..#### ≈
≈≈≈≈#..#* #### #≈*#≈.s.#* ≈
≈≈... ∆{≈{≈### *****


You could see a redback.

Vanquished Creatures
  A two-headed ogre (D:11)
  2 wolf spiders (Spider:1)
  3 orb spiders
  3 black mambas
  2 moths of wrath
  2 elephants (Lair:3)
  A torpor snail (Spider:2)
  6 cane toads
  5 komodo dragons
  2 trolls (D:10)
  2 polar bears (Lair:2)
  6 jumping spiders
  3 hornets
  6 blink frogs
  7 dream sheep
  A wraith (D:11)
  25 redbacks
  4 wyverns
  8 yaks
  8 tarantellas
  2 basilisks
  A steam dragon (D:10)
  6 water moccasins
  4 ice beasts
  2 orc warriors
  3 sky beasts
  9 wolves
  A black bear (D:9)
  A necrophage (D:7)
  2 phantoms
  6 centaurs
  6 ogres
  15 bullfrogs
  6 scorpions
  5 wights (D:11)
  4 howler monkeys
  A centaur zombie (D:5)
  4 electric eels
  2 bullfrog zombies (D:7)
  3 hounds
  A jelly (D:6)
  8 orc wizards
  4 centaur skeletons
  An iguana (D:5)
  6 worker ants
  2 hound skeletons (D:7)
  A howler monkey zombie (D:9)
  2 worker ant zombies
  2 gnolls (D:4)
  11 adders
  2 shadow imps
  5 white imps
  An ufetubus (D:7)
  2 adder zombies
  A worm (D:4)
  9 leopard geckos
  31 orcs
  4 giant cockroaches
  5 goblins
  3 hobgoblins
  9 jackals
  4 quokkas
  4 bats
  4 frilled lizards
  A jackal skeleton (D:4)
  7 kobolds
  A leopard gecko zombie (D:5)
  A quokka skeleton (D:4)
  2 quokka zombies (D:7)
  5 rats
319 creatures vanquished.

Vanquished Creatures (collateral kills)
  A redback (Spider:2)
1 creature vanquished.

Vanquished Creatures (others)
  A leopard gecko (D:9)
  53 fungi
  95 plants
149 creatures vanquished.

Grand Total: 469 creatures vanquished

Notes
Turn   | Place    | Note
-------+----------+-------------------------------------------
     0 | D:1      | lawnmower the Felid Air Elementalist began the quest for
                  | the Orb.
     0 | D:1      | Reached XP level 1. HP: 7/7 MP: 4/4
    37 | D:1      | Reached skill level 1 in Conjurations
   241 | D:2      | Reached skill level 3 in Stealth
   241 | D:2      | Reached XP level 2. HP: 11/11 MP: 4/6
   304 | D:1      | Learned a level 2 spell: Swiftness
   689 | D:2      | Reached XP level 3. HP: 14/14 MP: 2/7
   764 | D:4      | Found Kisowiso's Antique Weapon Boutique.
   764 | D:4      | Noticed a scorpion
   771 | D:4      | Noticed an ogre
  1252 | D:2      | Found a faded altar of an unknown god.
  1295 | D:2      | Became a worshipper of Ashenzari the Shackled
  1295 | D:2      | Reached * piety under Ashenzari
  1370 | D:2      | Noticed a phantom
  1558 | D:4      | Found a runed translucent door.
  1559 | D:4      | Noticed a troll
  1560 | D:4      | Identified the ring of the Imp {rF+ Str+6}
  1566 | D:4      | Noticed akumoriri's ghost (amateur GnFE)
  1848 | D:3      | Reached XP level 4. HP: 17/18 MP: 5/8
  2069 | D:4      | Learned a level 3 spell: Static Discharge
  2095 | D:4      | Found a stormy altar of Qazlal.
  2095 | D:4      | Found an iron altar of Okawaru.
  2109 | D:5      | Entered Level 5 of the Dungeon
  2117 | D:5      | Noticed a bullfrog
  2193 | D:4      | Reached skill level 4 in Stealth
  2316 | D:4      | Killed an ogre
  2317 | D:4      | Reached XP level 5. HP: 16/21 MP: 10/10
  2460 | D:5      | Learned a level 4 spell: Airstrike
  2505 | D:5      | Gained mutation: You are covered in thick fur. (AC +2)
                  | [Felid growth]
  2505 | D:5      | Reached XP level 6. HP: 14/24 MP: 9/11
  2890 | D:5      | Reached skill level 5 in Stealth
  2955 | D:6      | Reached ** piety under Ashenzari
  3017 | D:5      | Noticed Blork the orc
  3046 | D:5      | Reached XP level 7. HP: 21/27 MP: 9/12
  3098 | D:6      | Found a snail-covered altar of Cheibriados.
  3109 | D:6      | Reached skill level 5 in Dodging
  3136 | D:6      | Noticed a torpor snail
  3137 | D:6      | Noticed Dowan
  3182 | D:6      | Noticed Duvessa
  3235 | D:6      | Reached skill level 5 in Air Magic
  3275 | D:6      | Found a staircase to the Ecumenical Temple.
  3417 | D:7      | Found Ahoggal's Antique Weapon Boutique.
  3433 | D:7      | Found a sacrificial altar of Ru.
  3693 | D:6      | Reached skill level 6 in Stealth
  3999 | D:7      | Reached XP level 8. HP: 31/31 MP: 13/13
  4013 | D:8      | Reached *** piety under Ashenzari
  4236 | D:7      | Found an opulent altar of Gozag.
  4237 | D:7      | Found a hazy altar of Hepliaklqana.
  4238 | D:7      | Found a burning altar of Makhleb.
  4520 | D:7      | Found a hide-covered altar of Uskayaw.
  4530 | D:7      | Reached skill level 7 in Stealth
  4598 | D:8      | Noticed a hornet
  4602 | D:8      | Paralysed by a hornet for 3 turns
  4616 | D:8      | HP: 2/46 [hornet (5)]
  4618 | D:8      | Slain by a hornet
  4618 | D:8      | Paralysed by a hornet for 1 turns
  4619 | D:8      | Reached XP level 7. HP: 0/42 MP: 0/21
  4644 | D:8      | Found a shimmering altar of Xom.
  4664 | D:8      | Reached skill level 1 in Fighting
  4737 | D:9      | Noticed a troll
  4755 | D:9      | Noticed a yak
  4764 | D:9      | Found a hazy altar of Hepliaklqana.
  4764 | D:9      | Noticed Pikel
  4904 | D:8      | Reached XP level 8. HP: 32/32 MP: 12/13
  4968 | D:8      | Found a glowing golden altar of the Shining One.
  5104 | D:9      | Found a staircase to the Orcish Mines.
  5137 | D:9      | Found Uklyuh's Magic Scroll Boutique.
  5141 | D:9      | Reached **** piety under Ashenzari
  5146 | D:9      | Bought a scroll of identify for 22 gold pieces
  5146 | D:9      | Bought a scroll of identify for 22 gold pieces
  5146 | D:9      | Bought a scroll of remove curse for 33 gold pieces
  5146 | D:9      | Bought a scroll of remove curse for 33 gold pieces
  5146 | D:9      | Bought a scroll of fog for 22 gold pieces
  5146 | D:9      | Bought 2 scrolls of remove curse for 66 gold pieces
  5152 | D:9      | Found Vaokk's Demolitions Depot.
  5350 | D:10     | Entered Level 10 of the Dungeon
  5356 | D:10     | Noticed a troll
  5602 | D:10     | Reached skill level 8 in Stealth
  5747 | D:10     | Noticed a tengu conjurer
  5784 | D:10     | Identified the +5 war axe "Zimision" {drain, Int+5 Dex+6}
  5815 | D:10     | Learned a level 3 spell: Mephitic Cloud
  5845 | D:10     | Noticed a kobold demonologist
  5848 | D:10     | Found a transporter.
  5869 | D:9      | Reached skill level 5 in Conjurations
  5869 | D:9      | Reached XP level 9. HP: 37/37 MP: 7/14
  5912 | D:9      | Learned a level 2 spell: Poisonous Vapours
  5930 | D:9      | Found Kocla's Antique Armour Emporium.
  6041 | D:9      | Found Muufuqoj's Jewellery Emporium.
  6059 | D:9      | Found a transporter.
  6062 | D:9      | Found a transporter.
  6067 | D:9      | Noticed 112233's ghost (journeyman OpVM)
  6068 | D:9      | Noticed a two-headed ogre
  6072 | D:9      | Identified the +11 great mace of the Onslaught {flame,
                  | rElec Will+ Str-5}
  6072 | D:9      | Noticed a two-headed ogre
  6285 | D:10     | Killed a troll
  6286 | D:10     | Reached skill level 9 in Stealth
  6452 | D:11     | Reached ***** piety under Ashenzari
  6610 | D:11     | Noticed a two-headed ogre
  6868 | D:11     | Noticed a green ugly thing
  6973 | D:11     | Reached XP level 10. HP: 34/43 MP: 12/16
  6985 | D:11     | Found a large runed translucent door.
  6985 | D:11     | Found a large runed translucent door.
  6994 | D:11     | Noticed MrPhil's ghost (journeyman DDFi)
  7089 | D:11     | Killed a two-headed ogre
  7090 | D:11     | Reached skill level 10 in Stealth
  7146 | D:11     | Reached skill level 5 in Fighting
  7369 | D:10     | Found a transporter.
  7374 | D:10     | Noticed a gargoyle
  7712 | D:10     | Noticed a fire crab
  8007 | D:8      | Found a staircase to the Lair.
  8115 | D:7      | Learned a level 5 spell: Lightning Bolt
  8118 | D:8      | Found a basalt altar of Yredelemnul.
  8307 | Lair:1   | Entered Level 1 of the Lair of Beasts
  8307 | Lair:1   | Noticed Fannar
  8452 | D:8      | Reached skill level 10 in Dodging
  8502 | D:8      | Reached skill level 1 in Unarmed Combat
  8502 | D:8      | Reached skill level 1 in Evocations
  8580 | Lair:1   | Noticed a cane toad
  8580 | Lair:1   | Noticed a cane toad
  8580 | Lair:1   | Noticed a cane toad
  8695 | Lair:1   | Killed a cane toad
  8711 | Lair:1   | Killed a cane toad
  8761 | Lair:1   | Killed a cane toad
  8762 | Lair:1   | Reached skill level 11 in Stealth
  8786 | Lair:1   | Found a frozen archway.
  8896 | Lair:2   | Reached XP level 11. HP: 32/48 MP: 7/19
  8992 | Lair:2   | Noticed Gastronok
  9088 | Lair:1   | Noticed a four-headed hydra
  9105 | Lair:1   | Reached skill level 5 in Spellcasting
 10319 | Lair:5   | Noticed a four-headed hydra
 10334 | Lair:5   | Noticed Snorg
 10445 | Lair:5   | Noticed an oklob plant
 10560 | Lair:6   | Entered Level 6 of the Lair of Beasts
 10619 | Lair:5   | Reached ****** piety under Ashenzari
 10696 | Lair:4   | Reached skill level 12 in Stealth
 11049 | Lair:2   | Reached skill level 5 in Evocations
 11210 | Lair:5   | Noticed a death yak
 11210 | Lair:5   | Noticed a death yak
 11210 | Lair:5   | Noticed a death yak
 11216 | Lair:5   | Noticed a death yak
 11311 | Lair:5   | Noticed Sonja
 11403 | Lair:4   | HP: 2/50 [wolf (3)]
 11411 | Lair:4   | Slain by a wolf
 11412 | Lair:4   | Reached XP level 10. HP: -3/47 MP: 12/27
 11419 | Lair:4   | Reached skill level 10 in Hexes
 11419 | Lair:4   | Reached XP level 11. HP: 50/50 MP: 19/19
 11425 | Lair:4   | Learned a level 4 spell: Cause Fear
 11745 | Lair:3   | Reached skill level 13 in Stealth
 11745 | Lair:3   | Gained mutation: Your thick and shaggy fur keeps you warm.
                  | (AC +3, rC+) [Felid growth]
 11745 | Lair:3   | Reached XP level 12. HP: 54/54 MP: 20/20
 12331 | Lair:3   | Found a hole to the Spider Nest.
 12400 | Spider:1 | Entered Level 1 of the Spider Nest
 12627 | Spider:1 | Reached skill level 14 in Stealth
 12876 | Spider:1 | Noticed an emperor scorpion
 13645 | Spider:2 | Slain by a demonic crawler
 13646 | Spider:2 | Reached XP level 11. HP: -4/50 MP: 26/28
 13676 | Spider:2 | Noticed a wolf spider
 13680 | Spider:2 | Noticed a wolf spider
 13682 | Spider:2 | Noticed a wolf spider
 13700 | Spider:2 | Noticed an orb spider
 13702 | Spider:2 | Noticed a wolf spider
 13705 | Spider:2 | Noticed an orb spider
 13705 | Spider:2 | Killed an orb spider
 13706 | Spider:2 | Reached skill level 15 in Stealth
 13772 | Spider:4 | Entered Level 4 of the Spider Nest
 13797 | Spider:3 | Reached XP level 12. HP: 36/54 MP: 13/20
 13809 | Spider:3 | Noticed an emperor scorpion
 13809 | Spider:3 | Noticed an entropy weaver
 13810 | Spider:3 | Noticed an entropy weaver
 13820 | Spider:2 | Slain by a redback

Illustrated notes

Levels and vault maps discovered:
D:1:      roderic_octagonal_star, layout_basic
D:2:      layout_loops_ring, chequers_ecumenical_altar_simple,
          grunt_dithmenos_smoke_and_mirrors
D:3:      minmay_inner_zag, layout_rooms
D:4:      layout_basic, gammafunk_temple_overflow_elements,
          ebering_ghost_inner_flame, serial_shops,
          nicolae_shop_overgrown_old_shop
D:5:      layout_cave_pools, tgw_sif
D:6:      layout_layer_cave, cheibriados_altar_2, minmay_temple_entry_ruins,
          nzn_random_ring, uniq_duvessa
D:7:      layout_gridville, nicolae_ru_awakened_eye,
          chequers_temple_overflow_statue_of_worship, general_overflow_altar,
          enter_bailey_6, serial_shops, shop
D:8:      layout_rooms, kennysheep_mini, kennysheep_mini_moat,
          david_lair_shrubbed, basic_altar, chequers_serial_rivers_marsh
D:9:      layout_gridville, orc_0_dummy, gammafunk_ghost_smash, basic_altar,
          serial_shops, shop, nicolae_shop_temple_entry_statues_fountains, shop,
          nicolae_blasting_shop, minmay_starry_boxes, uniq_pikel
D:10:     gammafunk_wand_slinger, layout_stronghold,
          onia_ninara_dug_in_and_dangerous
D:11:     wad_cavern_with_rooms, layout_basic, ebering_ghost_disaster_area,
          kennysheep_generic_room_10
D:12:     layout_roguey, basic_altar
Lair:1:   layout_big_grid, portal_ice_cave_entry_imps,
          cheibrodos_lair_reptile_den, uniq_fannar, uniq_nergalle
Lair:2:   layout_roguey, disabler_island, uniq_gastronok
Lair:3:   layout_gridlike, minmay_shoals_entry_hut, spider_nest_entry_funnel_web
Lair:4:   layout_cave_pods, special_room [special_room_mythical_zoo],
          minmay_lair_oklob_items, nicolae_quartered_pool_little,
          bh_autumn_forest_stairs, grunt_megastairs_2, serial_bayou_shore_b
Lair:5:   layout_regular_city, serial_bayou_ford_a, grunt_forest_stairs_basic,
          lookout_lair_type, eino_house_with_fridge, minmay_lair_oklob_chamber,
          uniq_sonja, uniq_josephine, uniq_snorg
Lair:6:   minmay_lair_end_enchanted_forest, layout_regular_city, slime_altar_1,
          chequers_serial_rivers_room_b
Spider:1: layout_spider_delve, drop_trap
Spider:2: layout_spider_delve, nicolae_spider_nook, nicolae_spider_cling_ruins
Spider:3: layout_spider_delve
Spider:4: spider_rune_water, spiders_nest_spider_trap

Skill      XL: |  1  2  3  4  5  6  7  8  9 10 11 12 |
---------------+-------------------------------------+-----
Conjurations   | 1 2 3 5 |  5.9
Stealth        | 3 4 5 6 8 9 11 15 14 | 15.3
Dodging        | 3 4 6 7 9 10 14 13 | 14.1
Air Magic      | 3 4 5 7 8 |  8.5
Spellcasting   | 3 4 5 |  5.0
Fighting       | 1 2 4 5 7 |  7.0
Unarmed Combat | 1 3 |  3.0
Evocations     | 2 5 |  5.5
Hexes          | 10 | 10.5

Action                   |  1- 3 |  4- 6 |  7- 9 | 10-12 || total
-------------------------+-------+-------+-------+-------++-------
Melee: Unarmed           |    17 |     6 |   102 |   111 ||   236
       Bite              |     1 |       |    13 |    14 ||    28
 Cast: Shock             |   118 |   111 |   334 |    80 ||   643
       Airstrike         |       |       |    34 |    65 ||    99
       Swiftness         |       |       |     1 |       ||     1
       Mephitic Cloud    |       |       |     3 |     5 ||     8
       Poisonous Vapours |       |       |       |   291 ||   291
       Cause Fear        |       |       |       |     7 ||     7
Invok: Curse Item        |       |     2 |       |     2 ||     4
Evoke: Wand              |       |       |       |     9 ||     9
  Use: Scroll            |     5 |     5 |    12 |    15 ||    37
       Potion            |     1 |     1 |     3 |     3 ||     8
 Stab: Sleeping          |     4 |       |     6 |     5 ||    15
       Distracted        |       |     1 |       |       ||     1
       Confused          |       |       |     1 |     2 ||     3
       Paralysed         |       |       |       |     4 ||     4
Armor: Skin              |     2 |     2 |    22 |     6 ||    32
Dodge: Dodged            |    28 |    37 |   141 |   537 ||   743
